 Dungeon Crawl Stone Soup version 0.29-a0-296-gda187f2e07 (webtiles) character file.

Game seed: 13455014835064166642

44 Dabor the Skirmisher (level 3, 0/36 HPs)
             Began as a Troll Fighter on Mar 19, 2022.
             Slain by an adder (2 damage)
             ... on level 2 of the Dungeon.
             The game lasted 00:01:41 (996 turns).

Dabor the Skirmisher (Troll Fighter)                 Turns: 996, Time: 00:01:41

Health: 0/36       AC:  4    Str: 26    XL:     3   Next: 39%
Magic:  2/2        EV:  8    Int:  4    God:
Gold:   78         SH:  7    Dex:  9    Spells: 2/2 levels left

rFire   . . .      SeeInvis .   a - +0 flail
rCold   . . .      Faith    .   c - +0 kite shield
rNeg    . . .      Spirit   .   b - +0 robe
rPois   .          Reflect  .   (helmet restricted)
rElec   .          Harm     .   (no cloak)
rCorr   .          Rampage  .   (gloves unavailable)
Will    .....                   (boots unavailable)
Stlth   +.........              (no amulet)
HPRegen 0.92/turn               (no ring)
MPRegen 0.08/turn               (no ring)

@: mighty, lethally poisoned (0 -> 0)
A: large, unfitting armour, claws 3, regeneration 1, shaggy fur 1, tough skin 1
a: no special abilities


You were on level 2 of the Dungeon.
You visited 1 branch of the dungeon, and saw 2 of its levels.

You collected 78 gold pieces.

Inventory:

Hand Weapons
 a - a +0 flail (weapon)
Missiles
 h - 4 boomerangs (quivered)
Armour
 b - a +0 robe (worn)
 c - a +0 kite shield (worn)
Scrolls
 e - 2 scrolls of identify {unknown}
Potions
 d - a potion of might
 f - a potion of resistance {unknown}
 g - 2 potions of curing {unknown}


   Skills:
 * Level 2.8 Fighting
 * Level 2.2 Maces & Flails
 + Level 0.2 Throwing
 * Level 1.0 Armour
 * Level 2.7 Dodging
 - Level 2.4 Shields


You had 2 spell levels left.
You didn't know any spells.
Your spell library contained the following spells:

 Spells                   Type           Power      Damage    Failure   Level
 Slow                     Hex            0%         N/A       80%         1
 Confusing Touch          Hex            0%         N/A       99%         3
 Vampiric Draining        Necr           0%         2d6       99%         3


Dungeon Overview and Level Annotations

Branches:
Dungeon (2/15)

Altars:


Innate Abilities, Weirdness & Mutations

You are too large for most types of armour.
You have claws for hands.
Your natural rate of healing is unusually fast.
You are covered in fur. (AC +1)
You have tough skin. (AC +1)


Message History

You are too injured to fight recklessly!
You are too injured to fight recklessly!
You are too injured to fight recklessly!
You feel very mighty all of a sudden.
You feel sick. The adder bites you but does no damage. The adder bites you.
You are more poisoned.
The adder poisons you!
You closely miss the adder.
The adder is moderately wounded.
You feel sick. The adder closely misses you. The adder bites you.
You are more poisoned.
The adder poisons you!
You barely miss the adder.
The adder is moderately wounded.
You feel very sick. The adder closely misses you. The adder barely misses you.
You miss the adder.
The adder is moderately wounded.
You feel very sick. You block the adder's attack.
You hit the adder.
The adder is severely wounded.
You feel sick. The adder barely misses you. x2
You completely miss the adder.
The adder is severely wounded.
You feel sick. The adder barely misses you. The adder bites you.
* * * LOW HITPOINT WARNING * * *
You are more poisoned.
The adder poisons you!
You miss the adder.
The adder is severely wounded.
* * * LOW HITPOINT WARNING * * *
You feel very sick. The adder bites you but does no damage.
You block the adder's attack.
You barely miss the adder.
The adder is severely wounded.
* * * LOW HITPOINT WARNING * * *
You feel very sick. The adder bites you.
You die...

####### #.....
.....# #.####
....# #.# #..#
#.#### #..######
##.#...
#.......###.†#.##
#..####.##...#.#
#.#####..#
#.#......##
#....S@..#
#..........
####.#####
#####.##### # #.#
#.# #'# ... ...
... #


You could see an adder.

Vanquished Creatures
  2 adders (D:2)
  2 ball pythons (D:1)
  A bat (D:1)
  An endoplasm (D:1)
  A giant cockroach (D:1)
  3 goblins
  6 hobgoblins
  A kobold (D:1)
  2 quokkas
  A frilled lizard (D:2)
  3 rats
23 creatures vanquished.

Notes
Turn   | Place    | Note
-------+----------+-------------------------------------------
     0 | D:1      | Dabor the Troll Fighter began the quest for the Orb.
     0 | D:1      | Reached XP level 1. HP: 22/22 MP: 0/0
   288 | D:1      | Reached XP level 2. HP: 29/29 MP: 1/1
   809 | D:2      | Reached XP level 3. HP: 36/36 MP: 2/2
   895 | D:2      | Reached skill level 1 in Armour
   996 | D:2      | Slain by an adder

Illustrated notes

Levels and vault maps discovered:
D:1:      lemuel_arrival_behind_the_door_large, layout_loops_ring
D:2:      layout_loops_corners, hellmonk_ecumenical_altar_prayer_group,
          basic_altar

Skill      XL: |  1  2  3 |
---------------+----------+-----
Maces & Flails | 2 |  2.2
Armour         | 1 |  1.0
Fighting       | |  2.8
Throwing       | |  0.2
Dodging        | |  2.7
Shields        | |  2.4

Action                   || total
-------------------------++-------
Melee: Flail             ||    87
Throw: Boomerang         ||    17
  Use: Potion            ||     1
Armor: Robe              ||    29
Dodge: Dodged            ||    40
Block: Kite shield       ||    25

Table legend: (Time is in decaauts)
 A = Elapsed time spent in this place.
 B = Non-inter-level travel time spent in this place.
 C = Inter-level travel time spent in this place.
 D = Time resting spent in this place.
 E = Time spent auto-exploring this place.
 F = Levels seen in this place.
 G = Mean time per level.
                   A        B        C        D        E       F      G
               +--------+--------+--------+--------+--------+-----+--------+
         Total |   1040 |    962 |     78 |      0 |    741 |   2 |  520.0 |
       Dungeon |   1040 |    962 |     78 |      0 |    741 |   2 |  520.0 |
               +--------+--------+--------+--------+--------+-----+--------+

Top non-repeatable levels by time:
     D:1: 745 daAuts
     D:2: 295 daAuts
